Map: Abyssal Reef LE

Players

Cuervo

  • Race: Terran Terran
  • Spawn Location: 11:00

A.I. 1 (Very Easy) - Winner!

  • Race: Protoss Protoss
  • Spawn Location: 5:00

VOD

Have the link to the VOD?

Description

Time

  • Played on: Sept. 21, 2017, 8:32 p.m.
  • Length: 3:08
Show
View Real Time Build Order
Export as new Build Order

Cuervo Terran 

Build Orders:  

Get SALT Encoding   

  12  0:00  SCV  
  13  0:13  SCV  
  14  0:18  Supply Depot  
  14  0:25  SCV  
  15  0:39  SCV  
  15  0:41  Barracks  
  16  0:48  Refinery  
  16  0:51  SCV  
  17  1:03  SCV  
  18  1:17  SCV  
  19  1:32  Orbital Command  
  19  1:43  Command Center  
  19  1:45  Barracks Reactor  
  19  1:58  SCV  
  19  1:59  Barracks  
  20  2:10  SCV  
  20  2:14  Supply Depot  
  21  2:22  Marine  
  21  2:23  SCV  
  23  2:31  Barracks  
  23  2:35  Marine  
  24  2:41  SCV  
  25  2:46  Barracks  
  25  2:53  SCV  
  25  2:55  SCV  
Show
View Real Time Build Order
Export as new Build Order

A.I. 1 (Very Easy) Protoss - Winner!

Build Orders:  

Get SALT Encoding   

  12  0:01  Probe (Chrono Boost)  
  13  0:11  Probe (Chrono Boost)  
  14  0:20  Pylon  
  14  0:36  Assimilator  
  14  0:43  Gateway  
  14  0:47  Pylon  
  14  1:12  Assimilator  
  14  1:21  Probe (Chrono Boost)  
  15  1:32  Probe (Chrono Boost)  
  16  1:33  Cybernetics Core  
  16  1:42  Probe (Chrono Boost)  
  17  1:53  Probe (Chrono Boost)  
  18  2:04  Probe (Chrono Boost)  
  19  2:10  Stalker  
  22  2:16  Probe (Chrono Boost)  
Tags
 
Add a new tag
Caveats
  • Supply blocks, unpowered buildings, or Contaminate may cause inaccurate times.
  • Supply counts are checked every 10 seconds.